TOP OF THE 1ST |
Greenville Spinners batting - Pitching for Spartanburg Spartans : LHP Nick Fiorillo
|
Pitching: LHP Nick Fiorillo
|
|
Batting: RHB Tony Russell
|
0-0: Ball 1-0: Foul Ball, location: 2F 1-1: Ground out 6-3 (Groundball, P, EV 83.1 MPH)
|
Batting: LHB John Edmonds
|
0-0: Ball 1-0: Ball 2-0: Foul Ball, location: 2F 2-1: Foul Ball, location: 2F 2-2: Ground out 4-3 (Groundball, 34, EV 100.6 MPH)
|
Batting: LHB William Hance
|
0-0: Called Strike 0-1: Ball 1-1: Foul Ball, location: 2F 1-2: Fly out, F3 (Line Drive, 3, EV 71.3 MPH)
|
Top of the 1st over - 0 runs, 0 hits, 0 errors, 0 left on base; Greenville 0 - Spartanburg 0 |
BOTTOM OF THE 1ST |
Spartanburg Spartans batting - Pitching for Greenville Spinners : RHP Tony Pedroza
|
Pitching: RHP Tony Pedroza
|
|
Batting: RHB Ron Dillard
|
0-0: Ground out 6-3 (Groundball, 6, EV 101.9 MPH)
|
Batting: LHB Albert Ortiz
|
0-0: Ball 1-0: Ball 2-0: Ball 3-0: Swinging Strike 3-1: Base on Balls
|
Batting: RHB Gib Seibert
|
0-0: Called Strike 0-1: SINGLE (Flyball, 5D, EV 90.6 MPH) Albert Ortiz to second
|
Batting: LHB John Hennell
|
0-0: Ball 1-0: Called Strike 1-1: Called Strike Albert Ortiz steals 3rd base (no throw) Gib Seibert to second 1-2: Ground out U3 (Groundball, 3, EV 91.9 MPH)
|
Batting: RHB Dan Boever
|
0-0: Ball 1-0: Ball 2-0: Ball 3-0: Called Strike 3-1: Base on Balls
|
Batting: LHB Ross Kingsley
|
0-0: Called Strike 0-1: Called Strike 0-2: Ball 1-2: Ball 2-2: Ball 3-2: Base on Balls Albert Ortiz scores Gib Seibert to third Dan Boever to second
|
Batting: RHB Rigo Rodriguez
|
0-0: Called Strike 0-1: Swinging Strike 0-2: Ball 1-2: Strikes out swinging
|
Bottom of the 1st over - 1 run, 1 hit, 0 errors, 3 left on base; Greenville 0 - Spartanburg 1 |
TOP OF THE 2ND |
Greenville Spinners batting - Pitching for Spartanburg Spartans : LHP Nick Fiorillo
|
Batting: RHB Bobby Miscik
|
0-0: SINGLE (Line Drive, 78S, EV 104.4 MPH)
|
Batting: RHB Glenn Robertson
|
0-0: Called Strike 0-1: Fly out, F8 (Flyball, 78S, EV 87.5 MPH)
|
Batting: RHB Byron Peyton
|
0-0: Called Strike 0-1: Called Strike 0-2: Ball 1-2: Ball 2-2: Foul Ball, location: 2F 2-2: Strikes out swinging
|
Batting: RHB Richard Duran
|
0-0: Foul Ball, location: 2F 0-1: Called Strike 0-2: Ball 1-2: Foul Ball, location: 2F 1-2: Foul Ball, location: 2F 1-2: Strikes out swinging
|
Top of the 2nd over - 0 runs, 1 hit, 0 errors, 1 left on base; Greenville 0 - Spartanburg 1 |
BOTTOM OF THE 2ND |
Spartanburg Spartans batting - Pitching for Greenville Spinners : RHP Tony Pedroza
|
Batting: LHB Ronn Van Krevelen
|
0-0: Called Strike 0-1: Ball 1-1: Foul Ball, location: 2F 1-2: Strikes out swinging
|
Batting: RHB Robin Dreizler
|
0-0: Ball 1-0: Swinging Strike 1-1: Swinging Strike 1-2: Ground out 5-3 (Groundball, 5, EV 88.1 MPH)
|
Batting: RHB Ron Dillard
|
0-0: Foul Ball, location: 2F 0-1: SINGLE (Groundball, 25, EV 68.1 MPH) (infield hit)
|
Batting: LHB Albert Ortiz
|
0-0: Swinging Strike 0-1: Ball Ron Dillard steals 2nd base 1-1: TRIPLE (Line Drive, 8LXD, EV 110.0 MPH) Ron Dillard scores
|
Batting: RHB Gib Seibert
|
0-0: Ball 1-0: Called Strike 1-1: Ball 2-1: Fly out, F7 (Flyball, 7LS, EV 91.3 MPH)
|
Bottom of the 2nd over - 1 run, 2 hits, 0 errors, 1 left on base; Greenville 0 - Spartanburg 2 |
TOP OF THE 3RD |
Greenville Spinners batting - Pitching for Spartanburg Spartans : LHP Nick Fiorillo
|
Batting: LHB Tim Jordan
|
0-0: Foul Ball, location: 2F 0-1: Ground out U3 (Groundball, 34, EV 78.1 MPH)
|
Batting: RHB Luis Salazar
|
0-0: Ball 1-0: Foul Ball, location: 2F 1-1: DOUBLE (Line Drive, 9LS, EV 96.9 MPH)
|
Batting: RHB Tony Russell
|
0-0: Ball Luis Salazar steals 3rd base 1-0: Ball 2-0: Fly out, F3 (Line Drive, 3, EV 63.1 MPH)
|
Batting: LHB John Edmonds
|
0-0: Ball 1-0: Ball 2-0: Ball 3-0: Called Strike 3-1: Swinging Strike 3-2: DOUBLE (Flyball, 8RXD, EV 103.8 MPH) Luis Salazar scores
|
Batting: LHB William Hance
|
0-0: Ball 1-0: Swinging Strike 1-1: Ground out 6-3 (Groundball, 6, EV 81.9 MPH)
|
Top of the 3rd over - 1 run, 2 hits, 0 errors, 1 left on base; Greenville 1 - Spartanburg 2 |
BOTTOM OF THE 3RD |
Spartanburg Spartans batting - Pitching for Greenville Spinners : RHP Tony Pedroza
|
Batting: LHB John Hennell
|
0-0: Called Strike 0-1: Ball 1-1: Foul Ball, location: 2F 1-2: Ball 2-2: Foul Ball, location: 2F 2-2: Reached on error, E4 (Groundball, 4, EV 79.4 MPH)
|
Batting: RHB Dan Boever
|
0-0: SINGLE (Line Drive, 78S, EV 91.3 MPH) John Hennell to second
|
Batting: LHB Ross Kingsley
|
0-0: Called Strike 0-1: Grounds into double play, 6-4-3 (Groundball, 6, EV 101.3 MPH) John Hennell to third
|
Batting: RHB Rigo Rodriguez
|
0-0: Ball 1-0: Ball 2-0: Called Strike 2-1: Foul Ball, location: 2F 2-2: Strikes out swinging
|
Bottom of the 3rd over - 0 runs, 1 hit, 1 error, 1 left on base; Greenville 1 - Spartanburg 2 |
TOP OF THE 4TH |
Greenville Spinners batting - Pitching for Spartanburg Spartans : LHP Nick Fiorillo
|
Batting: RHB Bobby Miscik
|
0-0: Ball 1-0: Ball 2-0: Called Strike 2-1: Ball 3-1: Fly out, F7 (Flyball, 7LS, EV 90.6 MPH)
|
Batting: RHB Glenn Robertson
|
0-0: Swinging Strike 0-1: Called Strike 0-2: Ground out 5-3 (Groundball, 25, EV 80.6 MPH)
|
Batting: RHB Byron Peyton
|
0-0: Ball 1-0: Ball 2-0: Ball 3-0: Base on Balls
|
Batting: RHB Richard Duran
|
0-0: Ball 1-0: Ball 2-0: Called Strike 2-1: Ball 3-1: Fielders Choice at 2nd, 5-4 (Groundball, 5, EV 81.9 MPH)
|
Top of the 4th over - 0 runs, 0 hits, 0 errors, 1 left on base; Greenville 1 - Spartanburg 2 |
BOTTOM OF THE 4TH |
Spartanburg Spartans batting - Pitching for Greenville Spinners : RHP Tony Pedroza
|
Batting: LHB Ronn Van Krevelen
|
0-0: Ball 1-0: Called Strike 1-1: Ball 2-1: Called Strike 2-2: Ball 3-2: Base on Balls
|
Batting: RHB Robin Dreizler
|
0-0: Ball 1-0: Fly out, F8 (Flyball, 8RS, EV 86.3 MPH)
|
Batting: RHB Ron Dillard
|
0-0: Ball 1-0: Ball 2-0: Called Strike 2-1: SINGLE (Groundball, 56D, EV 101.3 MPH) Ronn Van Krevelen to second
|
Batting: LHB Albert Ortiz
|
0-0: Fielders Choice at 2nd, 3-6 (Groundball, 3, EV 83.8 MPH) Ronn Van Krevelen to third
|
Batting: RHB Gib Seibert
|
0-0: Foul Ball, location: 2F 0-1: SINGLE (Groundball, 56D, EV 103.8 MPH) Ronn Van Krevelen scores Albert Ortiz to second Runner from 2nd tries for 3rd, SAFE, no throw by LF
|
Batting: LHB John Hennell
|
0-0: Called Strike 0-1: Fly out, F8 (Line Drive, 8LD, EV 89.4 MPH)
|
Bottom of the 4th over - 1 run, 2 hits, 0 errors, 2 left on base; Greenville 1 - Spartanburg 3 |
TOP OF THE 5TH |
Greenville Spinners batting - Pitching for Spartanburg Spartans : LHP Nick Fiorillo
|
Batting: LHB Tim Jordan
|
0-0: Ball 1-0: Foul Ball, location: 2F 1-1: Fly out, F8 (Flyball, 89D, EV 84.4 MPH)
|
Batting: RHB Luis Salazar
|
0-0: Fly out, F8 (Flyball, 8RM, EV 97.5 MPH)
|
Batting: RHB Tony Russell
|
0-0: Called Strike 0-1: Ball 1-1: Called Strike 1-2: Ground out U3 (Groundball, 3L, EV 106.9 MPH)
|
Top of the 5th over - 0 runs, 0 hits, 0 errors, 0 left on base; Greenville 1 - Spartanburg 3 |
BOTTOM OF THE 5TH |
Spartanburg Spartans batting - Pitching for Greenville Spinners : RHP Tony Pedroza
|
Batting: RHB Dan Boever
|
0-0: Foul Ball, location: 2F 0-1: Ball 1-1: Swinging Strike 1-2: Ball 2-2: Foul Ball, location: 2F 2-2: Fly out, F9 (Flyball, 9D, EV 100.6 MPH)
|
Batting: LHB Ross Kingsley
|
0-0: Fly out, F9 (Flyball, 9, EV 90.6 MPH)
|
Batting: RHB Rigo Rodriguez
|
0-0: Called Strike 0-1: Ball 1-1: Ball 2-1: Swinging Strike 2-2: Ball 3-2: Strikes out swinging, 2-3 out at first.
|
Bottom of the 5th over - 0 runs, 0 hits, 0 errors, 0 left on base; Greenville 1 - Spartanburg 3 |
TOP OF THE 6TH |
Greenville Spinners batting - Pitching for Spartanburg Spartans : LHP Nick Fiorillo
|
Batting: LHB John Edmonds
|
0-0: Ball 1-0: Foul Ball, location: 2F 1-1: Foul Ball, location: 2F 1-2: Strikes out swinging
|
Batting: LHB William Hance
|
0-0: Ground out U3 (Groundball, 34, EV 98.8 MPH)
|
Batting: RHB Bobby Miscik
|
0-0: Called Strike 0-1: Ball 1-1: Called Strike 1-2: Ball 2-2: SINGLE (Line Drive, 5D, EV 105.0 MPH)
|
Batting: RHB Glenn Robertson
|
0-0: Ball 1-0: SINGLE (Line Drive, 6MD, EV 94.4 MPH) Bobby Miscik to second Runner from 2nd tries for 3rd, SAFE, no throw by CF
|
Batting: RHB Byron Peyton
|
0-0: Foul Ball, location: 2F 0-1: SINGLE (Groundball, 56D, EV 106.9 MPH) Bobby Miscik scores Glenn Robertson to second
|
Batting: RHB Richard Duran
|
0-0: Fly out, F9 (Flyball, 89D, EV 103.1 MPH)
|
Top of the 6th over - 1 run, 3 hits, 0 errors, 2 left on base; Greenville 2 - Spartanburg 3 |
BOTTOM OF THE 6TH |
Spartanburg Spartans batting - Pitching for Greenville Spinners : RHP Tony Pedroza
|
Batting: LHB Ronn Van Krevelen
|
0-0: SINGLE (Line Drive, 3D, EV 95.6 MPH)
|
Batting: RHB Robin Dreizler
|
0-0: Called Strike 0-1: Ball 1-1: Bunted foul 1-2: Foul Ball, location: 2F 1-2: Foul Ball, location: 2F 1-2: Strikes out swinging
|
Batting: RHB Ron Dillard
|
0-0: Foul Ball, location: 2F 0-1: Ball 1-1: Fielders Choice at 2nd, 5-4 (Groundball, 56, EV 80.6 MPH)
|
Batting: LHB Albert Ortiz
|
0-0: Called Strike 0-1: Ball 1-1: Ball 2-1: Foul Ball, location: 2F 2-2: Ground out 5-3 (Groundball, 56, EV 86.3 MPH)
|
Bottom of the 6th over - 0 runs, 1 hit, 0 errors, 1 left on base; Greenville 2 - Spartanburg 3 |
TOP OF THE 7TH |
Greenville Spinners batting - Pitching for Spartanburg Spartans : LHP Nick Fiorillo
|
Batting: LHB Tim Jordan
|
0-0: SINGLE (Groundball, 4M, EV 88.8 MPH) (infield hit)
|
Pinch Hitting: RHB Ronald Carapezzi
|
0-0: Bunted foul 0-1: Sac Bunt to 15 - play at first, batter OUT! 1-4 Tim Jordan to second
|
Batting: RHB Tony Russell
|
0-0: Called Strike 0-1: SINGLE (Flyball, 8LS, EV 90.0 MPH) Tim Jordan to third Runner from 3rd tries for Home, SAFE, throw by CF to home Tony Russell to second
|
Batting: LHB John Edmonds
|
0-0: Ball 1-0: Foul Ball, location: 2F 1-1: Called Strike 1-2: Ball 2-2: Ball 3-2: Strikes out swinging
|
Batting: LHB William Hance
|
0-0: Foul Ball, location: 2F 0-1: Ball 1-1: Ball 2-1: Called Strike 2-2: SINGLE (Groundball, 34D, EV 101.3 MPH) Tony Russell to third Runner from 3rd tries for Home, SAFE, throw by RF to home
|
Batting: RHB Bobby Miscik
|
0-0: Ball Wild Pitch! William Hance to second 1-0: Fly out, F8 (Flyball, 8RM, EV 83.1 MPH)
|
Top of the 7th over - 2 runs, 3 hits, 0 errors, 1 left on base; Greenville 4 - Spartanburg 3 |
BOTTOM OF THE 7TH |
Spartanburg Spartans batting - Pitching for Greenville Spinners : RHP Tony Pedroza
|
Now at 3B: Michael Kennedy
|
|
Batting: RHB Gib Seibert
|
0-0: Ball 1-0: SINGLE (Line Drive, 9S, EV 102.5 MPH)
|
Batting: LHB John Hennell
|
0-0: Grounds into double play, 6-4-3 (Groundball, 6M, EV 104.4 MPH)
|
Batting: RHB Dan Boever
|
0-0: Called Strike 0-1: Foul Ball, location: 2F 0-2: Foul Ball, location: 2F 0-2: SINGLE (Flyball, 78S, EV 91.9 MPH)
|
Batting: LHB Ross Kingsley
|
0-0: Swinging Strike 0-1: Fly out, F9 (Flyball, 89XD, EV 91.3 MPH)
|
Bottom of the 7th over - 0 runs, 2 hits, 0 errors, 1 left on base; Greenville 4 - Spartanburg 3 |
TOP OF THE 8TH |
Greenville Spinners batting - Pitching for Spartanburg Spartans : LHP Nick Fiorillo
|
Batting: RHB Glenn Robertson
|
0-0: Foul Ball, location: 2F 0-1: Ball 1-1: DOUBLE (Flyball, 8RXD, EV 92.5 MPH)
|
Batting: RHB Byron Peyton
|
0-0: Ball 1-0: Ball 2-0: Foul Ball, location: 2F 2-1: Sac Bunt to 23 - play at first, batter OUT! 3-4 Glenn Robertson to third
|
Batting: RHB Richard Duran
|
0-0: Intentional Walk
|
Batting: LHB Tim Jordan
|
0-0: Called Strike 0-1: Swinging Strike 0-2: Strikes out swinging
|
Batting: SHB Michael Kennedy
|
0-0: Foul Ball, location: 2F 0-1: Swinging Strike 0-2: Ball 1-2: Foul Ball, location: 2F 1-2: Foul Ball, location: 2F 1-2: Ball 2-2: Strikes out swinging
|
Top of the 8th over - 0 runs, 1 hit, 0 errors, 2 left on base; Greenville 4 - Spartanburg 3 |
BOTTOM OF THE 8TH |
Spartanburg Spartans batting - Pitching for Greenville Spinners : RHP Tony Pedroza
|
Batting: RHB Rigo Rodriguez
|
0-0: Foul Ball, location: 2F 0-1: Ball 1-1: Swinging Strike 1-2: Ball 2-2: Foul Ball, location: 2F 2-2: Ball 3-2: Base on Balls
|
Batting: LHB Ronn Van Krevelen
|
0-0: Called Strike 0-1: Ball 1-1: Grounds into double play, 4-6-3 (Groundball, 4, EV 85.0 MPH)
|
Batting: RHB Robin Dreizler
|
0-0: Called Strike 0-1: Swinging Strike 0-2: Ball 1-2: Ball 2-2: Fly out, F6 (Popup, 6D, EV 53.8 MPH)
|
Bottom of the 8th over - 0 runs, 0 hits, 0 errors, 0 left on base; Greenville 4 - Spartanburg 3 |
TOP OF THE 9TH |
Greenville Spinners batting - Pitching for Spartanburg Spartans : LHP Nick Fiorillo
|
Batting: RHB Tony Russell
|
0-0: Ball 1-0: Called Strike 1-1: Ball 2-1: Fly out, F8 (Line Drive, 8LM, EV 90.0 MPH)
|
Batting: LHB John Edmonds
|
0-0: SOLO HOME RUN (Flyball, 7LD, EV 108.8 MPH), Distance : 349 ft
|
Batting: LHB William Hance
|
0-0: Ball 1-0: DOUBLE (Flyball, 8RXD, EV 106.9 MPH)
|
Batting: RHB Bobby Miscik
|
0-0: Ball 1-0: Ball 2-0: Ball 3-0: Base on Balls
|
Batting: RHB Glenn Robertson
|
0-0: Ball 1-0: Foul Ball, location: 2F 1-1: Ball 2-1: SINGLE (Flyball, 4D, EV 92.5 MPH) William Hance to third Bobby Miscik to second
|
Batting: RHB Byron Peyton
|
0-0: Ball 1-0: Ball 2-0: Ball 3-0: Base on Balls William Hance scores Bobby Miscik to third Glenn Robertson to second
|
Batting: RHB Richard Duran
|
0-0: Fly out, F8 (Flyball, 8LM, EV 94.4 MPH) Runner from 3rd tags up, OUT at HOME! 8-2
|
Top of the 9th over - 2 runs, 3 hits, 0 errors, 2 left on base; Greenville 6 - Spartanburg 3 |
BOTTOM OF THE 9TH |
Spartanburg Spartans batting - Pitching for Greenville Spinners : RHP Tony Pedroza
|
Batting: RHB Ron Dillard
|
0-0: Called Strike 0-1: Foul Ball, location: 2F 0-2: Ball 1-2: Ball 2-2: Strikes out swinging
|
Batting: LHB Albert Ortiz
|
0-0: Fly out, F8 (Flyball, 8LD, EV 91.3 MPH)
|
Batting: RHB Gib Seibert
|
0-0: Foul Ball, location: 2F 0-1: Ball 1-1: Called Strike 1-2: Ball 2-2: Ball 3-2: Foul Ball, location: 2F 3-2: Foul Ball, location: 2F 3-2: Foul Ball, location: 2F 3-2: Foul Ball, location: 2F 3-2: Fly out, F8 (Flyball, 78M, EV 90.6 MPH)
|
Bottom of the 9th over - 0 runs, 0 hits, 0 errors, 0 left on base; Greenville 6 - Spartanburg 3 |
|